 Dungeon Crawl Stone Soup version 0.30.0-20-g3b4254fcbd (webtiles) character file.

Game seed: 2285835978345474320

53524 KamiKatze the Covert (level 14, -19/76 HPs)
             Began as a Vine Stalker Fighter on June 2, 2023.
             Was a Believer of Uskayaw.
             Demolished by a white very ugly thing (36 damage)
             ... on level 12 of the Dungeon.
             The game lasted 01:10:28 (17614 turns).

KamiKatze the Covert (Vine Stalker Fighter)        Turns: 17614, Time: 01:10:39

Health: -19/76     AC: 15    Str: 19    XL:     14   Next: 68%
Magic:  0/22       EV: 14    Int: 12    God:    Uskayaw [**....]
Gold:   1637       SH: 13    Dex: 21    Spells: 13/13 levels left

rFire   . . .        a - +8 Vampire's Tooth {megavamp}
rCold   . . .        l - +0 kite shield {reflect}
rNeg    . . .        g - +2 scale mail {Will+}
rPois   .            U - +0 helmet
rElec   .            n - +0 cloak
rCorr   .            o - +0 pair of gloves
SInv    .            T - +1 pair of boots
Will    ++...        (no amulet)
Stlth   ++           q - +6 ring of dexterity
HPRegen 1.12/turn    I - +4 ring of slaying
MPRegen 0.18/turn

%: reflection, guardian spirit
@: very slow
A: fangs 3, regeneration 1, magic shield, antimagic bite, no potion heal 2
a: Renounce Religion, Stomp, Line Pass


You were on level 12 of the Dungeon.
You worshipped Uskayaw.
Uskayaw was aware of your devotion.
You visited 4 branches of the dungeon, and saw 20 of its levels.
You also visited: Ossuary and Ice Cave.

You collected 1977 gold pieces.
You spent 340 gold pieces at shops.

Inventory:

Hand Weapons
 a - the +8 Vampire's Tooth (weapon) {megavamp}
   (You acquired it on level 11 of the Dungeon)
 b - a +2 short sword of venom
 y - a +0 rapier of draining
Missiles
 m - 69 poisoned darts (quivered)
 J - 4 curare-tipped darts
 N - 4 throwing nets
Armour
 g - a +2 scale mail of willpower (worn)
 l - a +0 kite shield of reflection (worn)
 n - a +0 cloak (worn)
 o - a +0 pair of gloves (worn)
 T - a +1 pair of boots (worn)
 U - a +0 helmet (worn)
Jewellery
 q - a +6 ring of dexterity (left hand)
 F - a ring of resist corrosion
 G - a ring of willpower
 I - a +4 ring of slaying (right hand)
 M - a ring of positive energy
Wands
 c - a wand of polymorph (5)
 s - a wand of acid (3)
 w - a wand of mindburst (31)
 z - a wand of charming (11)
 E - a wand of roots (15)
 R - a wand of flame (10)
Scrolls
 h - a scroll of amnesia
 i - 5 scrolls of poison
 p - 5 scrolls of fear
 r - 4 scrolls of vulnerability
 t - 9 scrolls of teleportation
 B - 2 scrolls of magic mapping
 C - 2 scrolls of fog
 K - 2 scrolls of noise
 Y - 3 scrolls of identify
Potions
 d - 3 potions of might
 e - 2 potions of resistance
 f - 7 potions of haste
 j - 5 potions of lignification
 k - 8 potions of curing
 u - 5 potions of cancellation
 v - 4 potions of flight
 x - 3 potions of attraction
 A - 2 potions of brilliance
 S - 2 potions of berserk rage
 W - 2 potions of invisibility
Miscellaneous
 P - a phantom mirror
 Q - a box of beasts


   Skills:
 + Level 9.6 Fighting
 - Level 10.0 Short Blades
 + Level 6.2 Armour
 + Level 8.3 Dodging
 + Level 11.7 Stealth
 * Level 10.3 Shields
 * Level 9.9 Invocations
 - Level 3.0 Evocations


You had 13 spell levels left.
You didn't know any spells.
Your spell library contained the following spells:

 Spells                   Type           Power      Damage    Failure   Level
 Freeze                   Ice            0%         1d3       87%         1
 Sandblast                Erth           0%         2d4       87%         1
 Sting                    Tmut/Pois      0%         1d3       87%         1
 Blink                    Tloc           0%         N/A       95%         2
 Lesser Beckoning         Tloc           0%         N/A       95%         2
 Momentum Strike          Conj/Tloc      0%         3d8       95%         2
 Passwall                 Tmut/Erth      0%         N/A       95%         2
 Poisonous Vapours        Pois/Air       0%         N/A       95%         2
 Call Canine Familiar     Summ           0%         N/A       99%         3
 Frozen Ramparts          Ice            0%         1d1       99%         3
 Hailstorm                Conj/Ice       0%         3d3       99%         3
 Inner Flame              Hex/Fire       0%         N/A       99%         3
 Portal Projectile        Hex/Tloc       0%         N/A       99%         3
 Stone Arrow              Conj/Erth      0%         3d7       99%         3
 Volatile Blastmotes      Fire/Tloc      0%         2d10      99%         3
 Anguish                  Hex/Necr       0%         N/A       100%        4
 Animate Armour           Summ/Erth      0%         N/A       100%        4
 Cause Fear               Hex            0%         N/A       100%        4
 Flame Wave               Conj/Fire      0%         2d4       100%        4
 Fulminant Prism          Conj/Hex       0%         3d5       100%        4
 Iskenderun's Mystic Bla  Conj/Tloc      0%         2d3       100%        4
 Leda's Liquefaction      Hex/Erth       0%         N/A       100%        4
 Manifold Assault         Tloc           0%         N/A       100%        4
 Olgreb's Toxic Radiance  Pois           0%         N/A       100%        4
 Sticky Flame             Conj/Fire      0%         2d3       100%        4
 Fireball                 Conj/Fire      0%         3d3       100%        5
 Iskenderun's Battlesphe  Conj           0%         2d6       100%        5
 Lee's Rapid Deconstruct  Erth           0%         3d4*      100%        5
 Conjure Ball Lightning   Conj/Air       0%         3x3d6     100%        6
 Dispersal                Tloc           0%         N/A       100%        6
 Iron Shot                Conj/Erth      0%         9d1       100%        6
 Dragon Form              Tmut           0%         N/A       100%        7
 Enfeeble                 Hex            0%         N/A       100%        7
 Malign Gateway           Summ/Tloc      0%         N/A       100%        7
 Orb of Destruction       Conj           0%         9d5       100%        7
 Spellforged Servitor     Conj/Summ      0%         N/A       100%        7
 Disjunction              Tloc           0%         N/A       100%        8
 Lehudib's Crystal Spear  Conj/Erth      0%         10d2      100%        8
 Summon Horrible Things   Summ           0%         N/A       100%        8
 Dragon's Call            Summ           0%         N/A       100%        9


Dungeon Overview and Level Annotations

Branches:
Dungeon (12/15)            Temple (1/1) D:7            Lair (5/5) D:9
 Shoals (0/4) Lair:2        Snake (0/4) Lair:2        Slime (0/5) Lair:4
    Orc (2/2) D:9             Elf (0/3) Orc:2       Ossuary (visited)
  IceCv (visited)

Altars:
Ashenzari
Cheibriados
Dithmenos
Elyvilon
Fedhas
Gozag
Hepliaklqana
Kikubaaqudgha
Makhleb
Nemelex Xobeh
Okawaru
Qazlal
Ru
Sif Muna
Trog
Uskayaw
Vehumet
Wu Jian
Xom
Yredelemnul
Zin
The Shining One
Jiyva

Shops:
D:4 =   D:9 *?*[   Orc:2 (:!**

Annotations:
D:8 4 transporters
D:11 exclusion: door
Lair:4 3 runed translucent doors, exclusion: 3 doors, Gabide's ghost, journeyman GrCj


Innate Abilities, Weirdness & Mutations

You have razor-sharp teeth.
Your natural rate of healing is unusually fast.
When hurt, damage is shared between your health and your magic reserves.
Your bite disrupts and absorbs the magic of your enemies.
Potions cannot restore your health.


Message History

The white very ugly thing is lightly wounded.
The white very ugly thing closely misses you.
You closely miss the white very ugly thing.
Your bite misses the white very ugly thing.
The white very ugly thing is lightly wounded.
You puncture the white very ugly thing! You bite the white very ugly thing!
You drain its power.
The white very ugly thing is moderately wounded.
The white very ugly thing trunk-slaps you.
The white very ugly thing freezes you!!
Your unstable footing causes you to fumble your attack.
Your unstable footing causes you to fumble your attack.
Your unstable footing causes you to fumble your attack.
The white very ugly thing trunk-slaps you but does no damage.
Your unstable footing causes you to fumble your attack.
Unknown command.
Your unstable footing causes you to fumble your attack.
The white very ugly thing trunk-slaps you.
The white very ugly thing freezes you!!!
* * * LOW HITPOINT WARNING * * *
You hit the wizard.
You feel better.
You bite the wizard!
The wizard's magic leaks into the air.
You drain its magic.
You feel invigorated.
The wizard is moderately wounded.
The wizard hits you but does no damage.
You can now pass through a line of other dancers.
Unknown command.
Your unstable footing causes you to fumble your attack.
Your unstable footing causes you to fumble your attack.
You block the white very ugly thing's attack.
Your unstable footing causes you to fumble your attack.
The wizard hits you but does no damage.
Unknown command.
You puncture the wizard! You bite the wizard.
The wizard's magic leaks into the air.
You drain its magic.
The wizard is severely wounded.
The white very ugly thing trunk-slaps you!
* * * LOW HITPOINT WARNING * * *
The white very ugly thing freezes you!!!
You die...

# ##.#
#.####..#..#.#.#####
# ##..#
#.......#..#........
# #..†#
######.##..###.#####
####†### #.........#
##...~~## #.#########
#~....~~# #### #.#
#~.....~# ##?)$######
#~.....~# #?...p~~##
#......~###(...u@~~#
~......†~###}$.##~~##
~..~~~..~~#### ##~~#
..~~~~~....#######~~#
.###⌠###...~##8##~~##
# ### ##~~~~~....~#
##~~~.....##
#####8#### ###


You could see a white very ugly thing and a wizard (magic disrupted).

Vanquished Creatures
  An orc warlord (Orc:2)
  An ice dragon (Lair:5)
  Harold (Orc:1)
  5 hydras
  Erolcha (Orc:1)
  4 two-headed ogres
  A death yak (Lair:5)
  3 orc high priests (Orc:2)
  Sonja (Orc:1)
  2 skysharks (Lair:5)
  4 orc knights (Orc:2)
  4 oklob plants (Lair:2)
  A cyclops (D:11)
  6 orc sorcerers (Orc:2)
  6 ugly things (D:12)
  A manticore (D:12)
  2 merfolk sirens (Lair:2)
  A torpor snail (Lair:5)
  2 black mambas
  A gargoyle (D:10)
  12 cane toads
  2 rime drakes (Lair:5)
  9 komodo dragons
  2 merfolk (Lair:2)
  2 tyrant leeches (Lair:5)
  A hornet (D:7)
  3 polar bears (Lair:5)
  2 trolls
  Prince Ribbit (D:7)
  26 blink frogs
  A raiju (shapeshifter) (D:11)
  Sigmund (D:6)
  A shadow (D:11)
  A vampire (D:10)
  34 yaks
  10 vampire mosquitoes
  2 wargs
  2 acid dragons
  11 water moccasins
  3 sky beasts
  22 orc warriors
  2 ice beasts
  4 black bears
  7 ogres
  3 centaurs (D:9)
  11 wolves
  4 kobold brigands
  12 bullfrogs
  3 scorpions
  6 wights
  5 water moccasin zombies (Ossuary)
  17 killer bees
  6 howler monkeys
  2 electric eels
  3 centaur zombies (Ossuary)
  2 bullfrog zombies (Ossuary)
  A human zombie (Ossuary)
  Crazy Yiuf (D:2)
  15 orc priests
  2 hounds
  7 jellies
  2 gnoll boudas
  An iguana (D:4)
  3 sleepcaps
  14 orc wizards
  2 ogre zombies (Ossuary)
  A mummy (D:6)
  8 gnolls
  7 adders
  4 shadow imps (D:6)
  A white imp (D:7)
  4 ufetubi
  8 adder zombies (Ossuary)
  4 worms
  A dart slug (D:1)
  43 orcs
  8 ball pythons
  10 endoplasms
  2 giant cockroaches
  3 goblins
  9 hobgoblins
  8 jackals
  22 kobolds
  7 quokkas
  9 bats
  2 frilled lizards
  A gnoll zombie (Ossuary)
  2 goblin zombies (Ossuary)
  2 hobgoblin zombies
  A kobold zombie (D:6)
  6 orc zombies (Ossuary)
  7 rats
511 creatures vanquished.

Notes
Turn   | Place    | Note
-------+----------+-------------------------------------------
     0 | D:1      | KamiKatze the Vine Stalker Fighter began the quest for the
                  | Orb.
     0 | D:1      | Reached XP level 1. HP: 11/11 MP: 2/2
   248 | D:1      | Found a faded altar of an unknown god.
   331 | D:1      | Reached XP level 2. HP: 16/16 MP: 3/3
   657 | D:1      | Reached skill level 1 in Stealth
   880 | D:2      | Reached XP level 3. HP: 9/19 MP: 2/4
  1071 | D:2      | Gained mutation: Your natural rate of healing is unusually
                  | fast. [Vine Stalker growth]
  1071 | D:2      | Reached XP level 4. HP: 12/24 MP: 5/5
  1108 | D:2      | Reached skill level 1 in Dodging
  1378 | D:2      | Found a runed translucent door.
  1379 | D:2      | Noticed Crazy Yiuf
  1389 | D:2      | Killed Crazy Yiuf
  1390 | D:2      | Reached skill level 2 in Stealth
  1390 | D:2      | Reached XP level 5. HP: 3/28 MP: 1/6
  2031 | D:3      | You fall into a shaft and drop 2 floors!
  2031 | D:5      | Entered Level 5 of the Dungeon
  2055 | D:5      | Reached XP level 6. HP: 32/32 MP: 7/7
  2313 | D:5      | Reached skill level 3 in Stealth
  2313 | D:5      | Reached XP level 7. HP: 37/37 MP: 8/8
  3545 | D:4      | Found a broken altar of Ashenzari.
  3671 | D:4      | Reached skill level 4 in Stealth
  3680 | D:4      | Reached skill level 5 in Shields
  3680 | D:4      | Gained mutation: You have razor-sharp teeth. [Vine Stalker
                  | growth]
  3680 | D:4      | Reached XP level 8. HP: 40/42 MP: 9/9
  3768 | D:4      | Found an ancient bone altar of Kikubaaqudgha.
  3839 | D:4      | Found Weci's Jewellery Shoppe.
  3890 | D:4      | Found a sacrificial altar of Ru.
  3890 | D:4      | Found a blossoming altar of Fedhas.
  3951 | D:4      | Found a hazy altar of Hepliaklqana.
  4346 | D:6      | Found a sand-covered staircase.
  4358 | Ossuary  | Entered an ossuary
  4436 | Ossuary  | Reached skill level 5 in Short Blades
  4610 | Ossuary  | Reached skill level 5 in Stealth
  4673 | Ossuary  | Noticed a silent spectre
  4676 | Ossuary  | Reached XP level 9. HP: 46/46 MP: 10/10
  4886 | D:6      | Reached skill level 5 in Fighting
  5058 | D:6      | Noticed Sigmund
  5066 | D:6      | Killed Sigmund
  5319 | D:7      | Found a stormy altar of Qazlal.
  5341 | D:7      | Noticed Prince Ribbit
  5351 | D:7      | Killed Prince Ribbit
  5352 | D:7      | Reached skill level 6 in Stealth
  5532 | D:7      | Found an opulent altar of Gozag.
  5650 | D:7      | Found a staircase to the Ecumenical Temple.
  5658 | Temple   | Entered the Ecumenical Temple
  5693 | D:7      | Found a glowing golden altar of the Shining One.
  5696 | D:7      | Found a glowing silver altar of Zin.
  5696 | D:7      | Found a white marble altar of Elyvilon.
  6051 | D:7      | Noticed a hornet
  6120 | D:7      | Paralysed by a hornet for 1 turns
  6124 | D:7      | Paralysed by a hornet for 2 turns
  6126 | D:7      | Killed a hornet
  6127 | D:7      | Reached skill level 1 in Evocations
  6381 | D:8      | Found a shadowy altar of Dithmenos.
  6429 | D:8      | Reached XP level 10. HP: 49/53 MP: 11/11
  6485 | D:8      | Reached skill level 7 in Stealth
  6602 | D:8      | Found a transporter.
  6605 | D:8      | Found a transporter.
  6631 | D:8      | Found a transporter.
  6680 | D:8      | Found a transporter.
  6880 | D:8      | Found an ornate altar of the Wu Jian Council.
  6946 | D:8      | Found a hide-covered altar of Uskayaw.
  6952 | D:8      | Became a worshipper of Uskayaw the Reveller
  6955 | D:8      | Reached * piety under Uskayaw
  7093 | D:9      | Reached ** piety under Uskayaw
  7148 | D:9      | Found Ylaezol's Assorted Antiques.
  7148 | D:9      | Found Geniddeh's Magic Scroll Emporium.
  7148 | D:9      | Found Icekho's General Store.
  7150 | D:9      | Bought a brown potion for 20 gold pieces
  7150 | D:9      | Bought a scroll labelled NYOTZI ULI for 23 gold pieces
  7211 | D:9      | Bought a scroll of blinking for 127 gold pieces
  7211 | D:9      | Bought a scroll of teleportation for 51 gold pieces
  7439 | D:9      | Found Maipuob's Armour Shoppe.
  7451 | D:9      | Found a sparkling altar of Nemelex Xobeh.
  7506 | D:9      | Reached *** piety under Uskayaw
  7508 | D:9      | Reached **** piety under Uskayaw
  7542 | D:9      | Reached skill level 8 in Stealth
  7545 | D:9      | Reached skill level 5 in Dodging
  7664 | D:9      | Found a staircase to the Lair.
  8095 | D:9      | Found a staircase to the Orcish Mines.
  8119 | D:9      | Reached ***** piety under Uskayaw
  8421 | D:10     | Entered Level 10 of the Dungeon
  8562 | D:9      | Found a shimmering altar of Xom.
  8646 | D:10     | Noticed a gargoyle
  8660 | D:10     | Killed a gargoyle
  8661 | D:10     | Reached XP level 11. HP: 32/58 MP: 5/12
  9131 | D:10     | Reached skill level 9 in Stealth
  9416 | D:11     | Noticed a cyclops
  9427 | D:11     | Killed a cyclops
  9441 | D:11     | Noticed a two-headed ogre
  9450 | D:11     | Killed a two-headed ogre
  9451 | D:11     | Reached skill level 1 in Invocations
  9582 | D:11     | Noticed a two-headed ogre
  9598 | D:11     | Reached ****** piety under Uskayaw
  9604 | D:11     | Killed a two-headed ogre
  9915 | D:11     | Found a shimmering blue altar of Sif Muna.
 10439 | D:11     | Identified a scroll of acquirement
 10464 | D:11     | Acquired the +8 Vampire's Tooth {megavamp}
 10464 | D:11     | Found the +8 Vampire's Tooth {megavamp}
 10529 | Lair:1   | Entered Level 1 of the Lair of Beasts
 10635 | Lair:1   | Reached skill level 10 in Short Blades
 10640 | Lair:1   | Noticed a six-headed hydra
 10650 | Lair:1   | Killed a six-headed hydra
 10704 | Lair:1   | Reached XP level 12. HP: 53/64 MP: 11/16
 11479 | D:9      | Bought a +0 kite shield of reflection for 119 gold pieces
 11618 | Lair:2   | Reached skill level 5 in Invocations
 11637 | Lair:2   | Found a glowing silver altar of Zin.
 12063 | Lair:2   | Found a staircase to the Shoals.
 12100 | Lair:2   | Found a staircase to the Snake Pit.
 12790 | Lair:3   | Noticed a four-headed hydra
 12794 | Lair:3   | Killed a four-headed hydra
 12987 | Lair:3   | Found a glowing silver altar of Zin.
 13045 | Lair:3   | Noticed a five-headed hydra
 13059 | Lair:3   | Killed a five-headed hydra
 13060 | Lair:3   | Reached XP level 13. HP: 56/69 MP: 15/19
 13685 | Lair:4   | Found a runed translucent door.
 13685 | Lair:4   | Found a viscous altar of Jiyva.
 13686 | Lair:4   | Found a staircase to the Slime Pits.
 13840 | Lair:4   | Reached skill level 10 in Stealth
 14039 | Lair:4   | Found a runed translucent gate.
 14039 | Lair:4   | Found a runed translucent gate.
 14039 | Lair:4   | Found a runed translucent gate.
 14040 | Lair:4   | Noticed Gabide's ghost (journeyman GrCj)
 14441 | Lair:5   | Entered Level 5 of the Lair of Beasts
 14498 | Lair:5   | Reached skill level 5 in Armour
 14894 | Lair:5   | Found a frozen archway.
 14896 | Lair:5   | Noticed an ice dragon
 14921 | Lair:5   | Killed an ice dragon
 14945 | IceCv    | Entered an ice cave
 15526 | Lair:5   | Reached XP level 14. HP: 75/75 MP: 21/21
 15783 | Orc:1    | Entered Level 1 of the Orcish Mines
 15788 | Orc:1    | Noticed Sonja
 15793 | Orc:1    | Killed Sonja
 15875 | Orc:1    | You fall into a shaft and drop 1 floor!
 15875 | Orc:2    | Entered Level 2 of the Orcish Mines
 15892 | Orc:2    | Reached skill level 11 in Stealth
 15922 | Orc:2    | Found a staircase to the Elven Halls.
 16091 | Orc:1    | Noticed Erolcha
 16097 | Orc:1    | Killed Erolcha
 16131 | Orc:1    | Noticed Harold
 16144 | Orc:1    | Killed Harold
 16526 | Orc:2    | Noticed an orc warlord
 16581 | Orc:2    | Killed an orc warlord
 16603 | Orc:2    | Found Namozon's Overcharged Wands.
 16700 | Orc:2    | Found Gaycacs's General Store.
 16737 | Orc:2    | Reached skill level 10 in Shields
 16768 | Orc:2    | Found Xalywocu's Antique Weapon Emporium.
 16775 | Orc:2    | Found Jaisch's Book Emporium.
 16775 | Orc:2    | Found Ulairgh's Distillery.
 16779 | Orc:2    | HP: 2/75 [orc knight/+0 glaive (33)]
 17599 | D:12     | Noticed a white very ugly thing
 17614 | D:12     | Demolished by a white very ugly thing

Illustrated notes

Levels and vault maps discovered:
D:1:      psy_arrival_whirlpool, layout_loops_corners,
          hellmonk_ecumenical_altar_lost_god
D:2:      layout_rooms, minmay_divided_ellipse, uniq_crazy_yiuf_cottage
D:3:      minmay_bubble_buster, layout_loops_ring, grunt_ministairs_6,
          minmay_misc_feat_hallway
D:4:      layout_cave_pods, mainiacjoe_overflow_boulevard,
          nicolae_overflow_two_pavilions, mainiacjoe_overflow_alcove_4,
          mainiacjoe_overflow_surrounded_room, serial_column_ruins,
          column_ruins_hut, column_ruins_hut, column_ruins_columns_dead_end,
          column_ruins_corridor_straight, column_ruins_open_small,
          column_ruins_columns_straight, column_ruins_open_medium, serial_shops,
          shop
D:5:      layout_cave_pods
D:6:      layout_gridville, nicolae_ossuary_entry_giza, kennysheep_another_room,
          uniq_sigmund
D:7:      layout_loops_corners, dreamdust_divine_triumvirate,
          mainiacjoe_overflow_alcove_2,
          mainiacjoe_overflow_concentric_impassable, minmay_temple_entry_ruins,
          kennysheep_windowed_goal, uniq_prince_ribbit1
D:8:      layout_basic, marbit_many_paths, nicolae_uskayaw_dance_hall,
          nicolae_dithmenos_shadow_blocks, nicolae_transporter_circle
D:9:      layout_irregular_city, nemelex_altar_shiori, tgw_xom,
          lair_entry_dummy, david_orc_1_choice, serial_shops,
          nicolae_shop_stone, reono_crystal_passage,
          kennysheep_decorative_pillar, nicolae_shop_distant_corner_stores,
          st_stairs_13, eino_jars
D:10:     layout_irregular_city
D:11:     layout_gridville, led_sif_book
D:12:     cheibrodos_breeding_chamber, layout_loops_ring,
          grunt_decor_mini_mirrors, grunt_potential
Temple:   hellmonk_temple_two_chambers
Lair:1:   layout_hall_layers, nicolae_quartered_pool_little,
          chequers_serial_rivers_room_b, minivault_11
Lair:2:   minmay_lair_oklob_tunnel, layout_small_grid,
          elwin_shoals_entry_stream, basic_altar, infiniplex_staircase_pool,
          serial_bayou_shore_a
Lair:3:   layout_small_grid, basic_altar, infiniplex_staircase_pool_2
Lair:4:   layout_long_grid, slime_entry_2, gammafunk_ghost_hydra_chop
Lair:5:   minmay_lair_end_frog_pond, layout_cave_pods,
          portal_ice_cave_entry_animals_and_master
Orc:1:    layout_caves, uniq_harold, uniq_erolcha, uniq_sonja
Orc:2:    st_orc_elflike, layout_diamond_mine, basic_altar,
          nicolae_shop_overcharged_wands

Skill      XL: |  1  2  3  4  5  6  7  8  9 10 11 12 13 14 |
---------------+-------------------------------------------+-----
Short Blades   | 2 3 4 5 7 8 10 | 10.0
Stealth        | 1 2 3 4 5 6 8 9 10 11 | 11.7
Shields        | 3 4 5 6 8 9 10 | 10.3
Fighting       | 3 4 5 6 7 8 9 |  9.6
Dodging        | 1 2 3 4 5 6 7 8 |  8.3
Evocations     | 1 3 |  3.0
Invocations    | 4 6 8 9 |  9.9
Armour         | 3 4 5 6 |  6.2

Action                     |  1- 3 |  4- 6 |  7- 9 | 10-12 | 13-15 || total
---------------------------+-------+-------+-------+-------+-------++-------
  Melee: Rapier            |   128 |   130 |   349 |   151 |       ||   758
         Bite              |    21 |    43 |   160 |   202 |   268 ||   694
         Short sword       |       |    23 |    90 |   190 |       ||   303
         Quick blade       |       |       |       |   228 |   630 ||   858
  Throw: Dart              |       |       |       |     1 |       ||     1
 Invoke: Grand Finale      |       |       |       |       |     2 ||     2
  Evoke: Wand              |       |       |       |     1 |     5 ||     6
    Use: Potion            |       |     1 |       |     1 |       ||     2
         Scroll            |       |       |    12 |    12 |     3 ||    27
   Stab: Sleeping          |       |       |     9 |    11 |     6 ||    26
         Paralysed         |       |       |       |    34 |    29 ||    63
         Distracted        |       |       |       |       |     2 ||     2
 Armour: Scale mail        |    65 |    74 |   194 |    95 |    60 ||   488
  Dodge: Dodged            |    69 |    57 |   221 |   175 |   140 ||   662
  Block: Buckler           |    30 |    45 |   133 |    88 |       ||   296
         Kite shield       |       |       |       |    23 |   192 ||   215
         Reflection        |       |       |       |       |     6 ||     6
